 Dungeon Crawl Stone Soup version 0.19-a0-1732-g0b18a7b (webtiles) character file.

429 aronpayne the Stinger (level 6, 0/35 HPs)
             Began as a Gargoyle Venom Mage on Sept 30, 2016.
             Killed from afar by an orc wizard (4 damage)
             ... with a puff of flame
             ... on level 4 of the Dungeon.
             The game lasted 00:25:05 (4925 turns).

aronpayne the Stinger (Gargoyle Venom Mage)         Turns: 4925, Time: 00:25:06

Health: 0/35       AC:  8    Str: 11    XL:     6   Next: 98%
Magic:  2/10       EV: 12    Int: 18    God:
Gold:   167        SH:  0    Dex: 10    Spells: 2 memorised, 6 levels left

rFire  . . .     SeeInvis .     g - +0 mace
rCold  . . .     Gourm    .     f - +1 leather armour {MR+}
rNeg   + + .     Faith    .     (no shield)
rPois  ∞         Spirit   .     (no helmet)
rElec  +         Dismiss  .     (no cloak)
rCorr  .         Reflect  .     (no gloves)
MR     +....     Harm     .     (no boots)
Stlth  ++........               (no amulet)
                                (no ring)
                                r - ring of positive energy

@: very slightly contaminated
A: negative energy resistance 1, electricity resistance, unbreathing,
petrification resistance, rot immunity, AC +4
a: no special abilities


You were on level 4 of the Dungeon.
You were very hungry.

You visited 1 branch of the dungeon, and saw 4 of its levels.

You collected 167 gold pieces.

Inventory:

Hand Weapons
 g - a +0 mace (weapon)
Armour
 a - a +0 robe
 f - a +1 leather armour of magic resistance (worn)
 s - a +1 leather armour of cold resistance
Jewellery
 n - an uncursed ring of poison resistance
 r - a ring of positive energy (left hand)
Scrolls
 d - 2 scrolls of blinking
 i - a scroll of teleportation {unknown}
 j - a scroll of amnesia
 l - a scroll of fog {unknown}
 p - 2 scrolls of recharging
Potions
 e - a potion of heal wounds {unknown}
 k - 3 potions of curing {unknown}
 m - a potion of berserk rage {unknown}
 o - a potion of brilliance {unknown}
Books
 b - a Young Poisoner's Handbook

   Spells                             Type                      Level
   a - Sting                          Conjuration/Poison           1
   b - Mephitic Cloud                 Conjuration/Poison/Air       3
   c - Olgreb's Toxic Radiance        Poison                       4
   d - Alistair's Intoxication        Transmutation/Poison         5
   e - Venom Bolt                     Conjuration/Poison           5
Comestibles
 c - 3 bread rations
 q - a meat ration
 t - 4 fruits


   Skills:
 + Level 1.9 Fighting
 + Level 1.2 Armour
 + Level 2.5 Dodging
 + Level 3.6 Stealth
 * Level 3.1 Spellcasting
 + Level 3.1 Conjurations
 * Level 5.3 Poison Magic


You had 6 spell levels left.
You knew the following spells:

 Your Spells              Type           Power        Failure   Level  Hunger
a - Sting                 Conj/Pois      ###.         4%          1    None
b - Olgreb's Toxic Radia  Pois           ###.....     24%         4    ####...


Dungeon Overview and Level Annotations

Branches:
Dungeon (4/15)             Temple (0/1) D:4

Altars:
Ashenzari
Fedhas
Makhleb
Okawaru
Qazlal
Xom


Innate Abilities, Weirdness & Mutations

You are resistant to torment.
Your stone body is resilient. (AC +4)
You are immune to poison.
You resist negative energy. (rN+)
You are resistant to electric shocks. (rElec)
You can survive without breathing.
You are immune to petrification.
You are immune to rotting.


Message History

The orc freezes you.
* * * LOW HITPOINT WARNING * * *
The orc priest invokes the aid of Beogh against you.
You resist with some effort.
The orc priest begins to cast a cantrip, but forgets the words!
The orc priest calls upon Beogh to heal the orc wizard.
The orc wizard is healed somewhat.
The phantom blinks!
The phantom blinks!
You see here a leopard gecko corpse.
You see here 2 tomahawks.
Things that are here:
a dagger; a tomahawk The orc wizard looks more healthy.
The orc wizard gestures wildly while chanting.
The orc wizard flickers and vanishes!
Deactivating autopickup; reactivate with Ctrl-A.
A puff of flame appears from out of thin air!
The puff of flame hits you!
You die...

########## #........#
#........# #..).....#
.##### ##........#
.)....#########...)..####
#.......@.o....>.<.#
..#...#####........#.......
#..##..# ##............###
##..##.# ###{o....#####.#
#....###.))(........ ..
####...#)###o.###### #. ###
##.)..###o.### ### ...S
#$.?o.......#.... .....
#####..†.............


You could see an orc priest and 3 orcs.

Vanquished Creatures
  A bullfrog (D:3)
  2 orc wizards
  3 orc priests
  An iguana (D:4)
  A gnoll (D:3)
  7 adders
  2 worms (D:2)
  5 dart slugs
  A leopard gecko (D:4)
  13 orcs
  10 goblins
  16 hobgoblins
  6 jackals (D:2)
  12 kobolds
  A quokka (D:2)
  3 ball pythons
  10 bats
  4 frilled lizards
  10 rats
108 creatures vanquished.

Notes
Turn   | Place    | Note
-------+----------+-------------------------------------------
     0 | D:1      | aronpayne the Gargoyle Venom Mage began the quest for the Orb.
     0 | D:1      | Reached XP level 1. HP: 10/10 MP: 3/3
   353 | D:1      | Reached XP level 2. HP: 15/15 MP: 0/5
   900 | D:1      | Reached XP level 3. HP: 19/19 MP: 3/6
  1561 | D:2      | Found a faded altar of an unknown god.
  1580 | D:2      | Reached skill level 1 in Conjurations
  2098 | D:2      | Found a burning altar of Makhleb.
  2156 | D:2      | Reached XP level 4. HP: 17/24 MP: 1/7
  2256 | D:2      | Found a shattered altar of Ashenzari.
  2718 | D:2      | Learned a level 4 spell: Olgreb's Toxic Radiance
  3223 | D:3      | Reached XP level 5. HP: 28/28 MP: 3/8
  3748 | D:3      | Reached skill level 1 in Fighting
  3869 | D:3      | HP: 1/29 [orc priest/flail (8)]
  4222 | D:3      | Found a shimmering altar of Xom.
  4307 | D:3      | Reached skill level 5 in Poison Magic
  4307 | D:3      | Reached XP level 6. HP: 34/34 MP: 1/10
  4382 | D:3      | Found an iron altar of Okawaru.
  4537 | D:3      | Found a stormy altar of Qazlal.
  4679 | D:3      | Found a blossoming altar of Fedhas.
  4742 | D:4      | Noticed a phantom
  4825 | D:4      | Found a staircase to the Ecumenical Temple.
  4907 | D:4      | Reached skill level 1 in Armour
  4925 | D:4      | Killed from afar by an orc wizard

Vault maps used:
D:1:      dpeg_arrival_ternary
D:2:      lemuel_coloured_pillars_altar, first_bread, ecumenical_altar_2,
          ashenzari_altar_1
D:3:      okawaru_altar_gauntlet_db, xom_teletrap_fun, fedhas_altar_fruit_tree,
          nicolae_overflow_hidden_temple
D:4:      elyvilon_altar_3

Skill      XL: |  1  2  3  4  5  6 |
---------------+-------------------+-----
Conjurations   | 1 2 3 |  3.1
Dodging        | 2 |  2.5
Stealth        | 3 |  3.6
Fighting       | 1 |  1.9
Poison Magic   | 5 |  5.3
Spellcasting   | 3 |  3.1
Armour         | 1 |  1.2

Action                   |  1- 3 |  4- 6 || total
-------------------------+-------+-------++-------
Melee: Unarmed           |     1 |       ||     1
       Mace              |    12 |    48 ||    60
 Cast: Sting             |    90 |    74 ||   164
       Olgreb's Toxic Ra |       |    11 ||    11
  Use: Scroll            |     5 |     3 ||     8
  Eat: Chunk             |     5 |     9 ||    14
       Pizza             |       |     1 ||     1
       Beef jerky        |       |     1 ||     1
Armor: Robe              |    10 |    31 ||    41
       Leather armour    |       |    13 ||    13
Dodge: Dodged            |    15 |    82 ||    97
